AoeStats
← Juanfreelance

Arabia

508780330Analyzed
2v2 RM · 8d ago on Sep 24, 2026· 19m 59s· 4 players
Game mode
Random Map
Map size
Medium (4 player)
Population
200
Speed
Normal
Resources
Standard
Victory
Conquest
Starting age
Dark Age
Ending age
Imperial Age
RankedLock teamsTeams togetherTeam positionsShared explorationLock speedFull tech treeHidden civsTurbo modeCheats
Victory
Defeat
🇵🇦 Persians · Panama
1288
+13
🇺🇸 Mongols · United States
1186
+18
🇨🇱 Wei · Chile
1334
-20
🇨🇱 Magyars · Chile
1122
-11
rodrigolaramol96
7:10 Loom
11:12 Feudal Age
11:38 Double-Bit Axe
11:36 Horse Collar
13:20 Gold Mining
14:57 Wheelbarrow
Koga
5:05 Loom
9:56 Feudal Age
10:34 Double-Bit Axe
12:09 Horse Collar
21:42 Castle Age
Juanfreelance
6:22 Loom
9:09 Feudal Age
9:39 Double-Bit Axe
10:00 Horse Collar
MongolMania
7:19 Loom
10:08 Feudal Age
14:46 Castle Age
13:03 Double-Bit Axe
14:30 Bloodlines
16:36 Scale Barding Armor
Connection lost

Rejoining the realm…

Still unreachable

The connection could not be restored.

Session expired

The server has moved on; the page needs a fresh start.